 Dungeon Crawl Stone Soup version 0.21.0-3-g78d12a8 (console) character file.

791 removed the Ruffian (level 7, 0/56 HPs)
             Began as a Barachi Transmuter on Jan 17, 2018.
             Slain by a sky beast (5 damage)
             ... on level 5 of the Dungeon.
             The game lasted 00:08:35 (5448 turns).

removed the Ruffian (Barachi Transmuter)            Turns: 5448, Time: 00:08:36

Health: 0/56       AC: 12    Str: 14    XL:     7   Next: 88%
Magic:  10/10      EV: 10    Int: 13    God:
Gold:   315        SH:  0    Dex: 14    Spells: 9/10 levels left

rFire    + . .     SeeInvis .     - Unarmed
rCold    + . .     Gourm    .   (no shield)
rNeg     . . .     Faith    .   p - +0 chain mail
rPois    .         Spirit   .   f - +2 helmet
rElec    .         Reflect  .   m - scarf {rC+ rF+}
rCorr    .         Harm     .   (no gloves)
MR       .....                  (no boots)
Stlth    ..........             (no amulet)
HPRegen  0.18/turn              s - +2 ring of dexterity
MPRegen  0.12/turn              x - +3 ring of evasion

@: slow
A: +LOS, swims, slowness 1, strong legs 1
a: Hop


You were on level 5 of the Dungeon.
You were hungry.

You visited 1 branch of the dungeon, and saw 5 of its levels.

You collected 315 gold pieces.

Inventory:

Missiles
 a - 41 arrows
 g - 21 stones (quivered)
Armour
 b - a +0 robe
 f - a +2 helmet (worn)
 m - a scarf of resistance (worn)
 p - a +0 chain mail (worn)
 B - the +0 plate armour of the Five of Cups {rN+++ MR- Dex+3}
   (You found it on level 5 of the Dungeon)

   It affects your dexterity (+3).
   It renders you almost immune to negative energy.
   It affects your resistance to hostile enchantments.
 H - a scarf of cloud immunity
Jewellery
 s - a +2 ring of dexterity (left hand)
 x - a +3 ring of evasion (right hand)
Wands
 D - a wand of flame (24)
 F - a wand of polymorph (19)
Scrolls
 e - a scroll of remove curse
 i - 2 scrolls of identify
 l - 2 scrolls of enchant armour {unknown}
 q - a scroll of enchant weapon
 t - a scroll of fog {unknown}
 y - 5 scrolls of teleportation
 z - a scroll of amnesia {unknown}
 J - a scroll of fear {unknown}
 K - a scroll of noise {unknown}
Potions
 j - a potion of flight
 v - a potion of agility
 C - a potion of heal wounds
 E - a potion of might {unknown}
 G - a potion of magic {unknown}
Books
 c - a book of Changes

   Spells                             Type                      Level
   a - Beastly Appendage              Transmutation                1
   b - Sticks to Snakes               Transmutation                2
   c - Spider Form                    Transmutation/Poison         3
   d - Ice Form                       Ice/Transmutation            4
   e - Blade Hands                    Transmutation                5
Comestibles
 d - 4 rations


   Skills:
 - Level 5.0 Fighting
 - Level 4.4 Armour
 - Level 2.1 Dodging
 + Level 7.6 Unarmed Combat
 - Level 2.1 Spellcasting
 - Level 2.1 Transmutations


You had 9 spell levels left.
You knew the following spells:

 Your Spells              Type           Power        Failure   Level  Hunger
a - Beastly Appendage     Tmut           #.....       91%         1    ##.....


Dungeon Overview and Level Annotations

Branches:
Dungeon (5/15)
 Temple: D:4-7

Altars:
Dithmenos
Trog
Vehumet
Yredelemnul

Annotations:
D:4 Duvessa


Innate Abilities, Weirdness & Mutations

Shadows flee at your approach. (+LOS)
You can swim through water.
You cover ground slowly.
You can hop short distances.


Message History

The sky beast hits you but does no damage.
You barely miss the sky beast.
The sky beast is severely wounded.
The sky beast hits you but does no damage.
You hit the sky beast.
The sky beast is almost dead.
The sky beast hits you. The sky beast shocks you.
* * * LOW HITPOINT WARNING * * *
You closely miss the sky beast.
The sky beast is almost dead.
The sky beast hits you.
* * * LOW HITPOINT WARNING * * *
The sky beast shocks you.
* * * LOW HITPOINT WARNING * * *
You hit the sky beast but do no damage.
The sky beast is almost dead.
The sky beast hits you.
* * * LOW HITPOINT WARNING * * *
The sky beast shocks you.
You die...

##### #.. ....# #.# ....# #.#
....# #.# ....# # # #.# ....#
####.#.#.# ....## #......#.######
.....# #.............# .....##
#......Y@.....# ......#
####..........# #####.##
#..........####### .......#
##..+#............# .......#
#.......#########.#
.......####.#.#.#.#########.#####
.................................
#######.###.#.#.#.........#.#####
#######..##...............#......


You could see a sky beast.

Vanquished Creatures
  Sigmund (D:3)
  An ice beast (D:5)
  A phantom (D:4)
  Dowan (D:5)
  2 scorpions (D:5)
  4 hounds
  An iguana (D:5)
  A worker ant (D:4)
  A hound skeleton (D:4)
  2 adders (D:2)
  2 oozes
  2 worms
  3 leopard geckos
  9 orcs
  12 bats
  3 giant cockroaches
  A goblin (D:1)
  6 hobgoblins
  8 jackals
  A quokka (D:2)
  3 ball pythons
  9 frilled lizards
  6 kobolds
  7 rats
87 creatures vanquished.

Notes
Turn   | Place    | Note
-------+----------+-------------------------------------------
     0 | D:1      | removed the Barachi Transmuter began the quest for the Orb.
     0 | D:1      | Reached XP level 1. HP: 15/15 MP: 3/3
    87 | D:1      | Reached XP level 2. HP: 21/21 MP: 5/5
   195 | D:1      | Reached skill level 4 in Unarmed Combat
   748 | D:1      | Reached XP level 3. HP: 13/26 MP: 6/6
  1465 | D:2      | Reached skill level 5 in Unarmed Combat
  1738 | D:2      | Reached XP level 4. HP: 32/32 MP: 7/7
  2323 | D:3      | Found a radiant altar of Vehumet.
  2421 | D:3      | Found a shadowy altar of Dithmenos.
  2647 | D:3      | Found a bloodstained altar of Trog.
  2702 | D:3      | You fall through a shaft!
  2702 | D:4      | Noticed an ogre
  2718 | D:4      | Reached skill level 6 in Unarmed Combat
  2718 | D:4      | Reached XP level 5. HP: 35/37 MP: 8/8
  2719 | D:4      | Noticed an ogre
  2734 | D:4      | Found a basalt altar of Yredelemnul.
  2791 | D:4      | Noticed a phantom
  2905 | D:4      | Killed a phantom
  2905 | D:4      | Reached skill level 7 in Unarmed Combat
  3050 | D:4      | Reached XP level 6. HP: 39/43 MP: 9/9
  3061 | D:4      | Reached skill level 1 in Armour
  3230 | D:3      | Noticed Sigmund
  3587 | D:3      | Killed Sigmund
  3839 | D:4      | Reached XP level 7. HP: 47/48 MP: 10/10
  4087 | D:5      | Entered Level 5 of the Dungeon
  4166 | D:5      | Noticed Dowan
  4193 | D:5      | Killed Dowan
  4213 | D:5      | Got a turquoise-encrusted plate armour
  4224 | D:5      | Identified the cursed +0 plate armour of the Five of Cups {rN+++ MR- Dex+3} (You found it on level 5 of the Dungeon)
  4251 | D:5      | Noticed Duvessa
  5000 | D:5      | Found a bloodstained altar of Trog.
  5069 | D:5      | Reached skill level 5 in Fighting
  5448 | D:5      | Slain by a sky beast

Skill      XL: |  1  2  3  4  5  6  7 |
---------------+----------------------+-----
Unarmed Combat | 4 5 6 7 |  7.6
Armour         | 4 |  4.4
Fighting       | 5 |  5.0
Dodging        | |  2.1
Spellcasting   | |  2.1
Transmutations | |  2.1

Action                   |  1- 3 |  4- 6 |  7- 9 || total
-------------------------+-------+-------+-------++-------
Melee: Unarmed           |   116 |   200 |   120 ||   436
       Punch             |     1 |     3 |     1 ||     5
 Abil: Hop               |       |     1 |     2 ||     3
  Use: Scroll            |       |     5 |     2 ||     7
       Potion            |       |     1 |       ||     1
 Stab: Sleeping          |     6 |       |       ||     6
  Eat: Chunk             |     3 |     8 |     2 ||    13
       Ration            |       |       |     1 ||     1
Armor: Robe              |    37 |       |       ||    37
       Chain mail        |     3 |   137 |    51 ||   191
Dodge: Dodged            |    60 |    81 |    38 ||   179
